 Dungeon Crawl Stone Soup version 0.25.1-2-g60ff931 (console) character file.

Game seed: 8246918000561428254

4995 Godmorgon the Covert (level 10, -1/54 HPs)
             Began as a Vampire Enchanter on Sept 1, 2020.
             Was a Believer of Kikubaaqudgha.
             Slain by a four-headed hydra (11 damage)
             ... on level 8 of the Dungeon.
             The game lasted 00:58:49 (7479 turns).

Godmorgon the Covert (Vampire Enchanter)            Turns: 7479, Time: 00:58:50

Health: -1/54      AC:  6    Str:  7    XL:     10   Next: 29%
Magic:  11/17      EV: 16    Int: 21    God:    Kikubaaqudgha [**....]
Gold:   247        SH:  0    Dex: 20    Spells: 9/18 levels left

rFire    + . .     SeeInvis +   a - +2 dagger (flame)
rCold    + + .     Gourm    .   (no shield)
rNeg     + + +     Faith    .   b - +0 robe
rPois    ∞         Spirit   .   (no helmet)
rElec    .         Reflect  .   o - +1 cloak
rCorr    .         Harm     .   B - +1 pair of gloves {archery}
MR       +....                  (no boots)
Stlth    +++++++...             (no amulet)
HPRegen  0.00/turn              q - ring of protection from fire
MPRegen  0.15/turn              t - ring "Femoud Zuima" {rPois Dex+5}

@: confusing touch, bloodless
A: no food, fangs 3, see invisible, unbreathing
a: Bat Form, Revivify, Receive Corpses, Renounce Religion


You were on level 8 of the Dungeon.
You worshipped Kikubaaqudgha.
Kikubaaqudgha was pleased with you.
You were bloodless.

You visited 2 branches of the dungeon, and saw 9 of its levels.

You collected 317 gold pieces.
You spent 70 gold pieces at shops.

Inventory:

Hand Weapons
 a - a +2 dagger of flaming (weapon)
Missiles
 d - 54 stones
 n - 44 poisoned darts (quivered)
 u - 4 throwing nets
Armour
 b - a +0 robe (worn)
 c - a +0 leather armour
 o - a +1 cloak (worn)
 y - the +3 ring mail of Starshine {rPois Int+6}
   (You found it on level 5 of the Dungeon)

   It affects your intelligence (+6).
   It protects you from poison.
 B - a +1 pair of gloves of archery (worn)
Jewellery
 q - a ring of protection from fire (left hand)
 t - the ring "Femoud Zuima" (right hand) {rPois Dex+5}
   (You found it on level 8 of the Dungeon)

   [ring of poison resistance]

   It affects your dexterity (+5).
   It protects you from poison.
Wands
 m - a wand of polymorph (15)
 v - a wand of disintegration (10)
 G - a wand of acid (4)
Scrolls
 e - 2 scrolls of enchant armour
 g - 2 scrolls of amnesia
 i - 7 scrolls of teleportation
 j - 5 scrolls of magic mapping
 p - a scroll of holy word
 r - 4 scrolls of remove curse
 s - 2 scrolls of enchant weapon
 w - a scroll of immolation
 C - 2 scrolls of fog
Potions
 f - 2 potions of resistance
 h - a potion of mutation
 k - a potion of berserk rage
 l - 4 potions of brilliance
 x - a potion of ambrosia
 z - 3 potions of might
 A - 2 potions of curing
 D - 2 potions of heal wounds
 E - a potion of cancellation
 F - a potion of magic {unknown}


   Skills:
 * Level 2.7 Fighting
 + Level 5.8 Short Blades
 + Level 1.6 Armour
 - Level 5.0 Dodging
 - Level 10.0 Stealth
 + Level 4.9 Spellcasting
 + Level 9.0 Hexes
 + Level 3.1 Summonings
 * Level 6.1 Necromancy
 + Level 2.0 Translocations
 - Level 3.9 Ice Magic
 * Level 2.6 Evocations


You had 9 spell levels left.
You knew the following spells:

 Your Spells              Type           Power        Failure   Level  Hunger
a - Apportation           Tloc           ##....       4%          1    N/A
b - Summon Butterflies    Summ           ###.....     3%          1    N/A
c - Corona                Hex            #####..      1%          1    N/A
e - Ensorcelled Hibernat  Hex/Ice        ####..       1%          2    N/A
p - Pain                  Necr           ####         1%          1    N/A
C - Confusing Touch       Hex            #####...     1%          3    N/A

Your spell library contained the following spells:

 Spells                   Type           Power        Failure   Level  Hunger
 Animate Skeleton         Necr           N/A          1%          1    N/A
 Sublimation of Blood     Necr           ####......   1%          2    N/A
 Tukima's Dance           Hex            #####...     1%          3    N/A
 Vampiric Draining        Necr           ####......   2%          3    N/A
 Summon Small Mammal      Summ           ###.         3%          1    N/A
 Dazzling Flash           Conj/Hex       ###...       4%          3    N/A
 Call Canine Familiar     Summ           ###.....     9%          3    N/A
 Summon Mana Viper        Hex/Summ       ####....     24%         5    N/A
 Summon Ice Beast         Ice/Summ       ###.....     26%         4    N/A
 Summon Hydra             Summ           ###.......   100%        7    N/A

Dungeon Overview and Level Annotations

Branches:
Dungeon (8/15)             Temple (1/1) D:4
   Lair: D:8-11

Altars:
Ashenzari
Cheibriados
Fedhas
Gozag
Hepliaklqana
Kikubaaqudgha
Makhleb
Nemelex Xobeh
Okawaru
Ru
Sif Muna
Trog
Vehumet
Wu Jian
Xom
Yredelemnul
Zin
The Shining One

Shops:
D:4 %   D:7 !   D:8 (

Annotations:
D:8 Grum


Innate Abilities, Weirdness & Mutations

You do not eat.
You do not regenerate when monsters are visible.
You are frail without blood (-20% HP).
You can heal yourself when you bite living creatures.
You are immune to poison.
You have razor-sharp teeth.
You have supernaturally acute eyesight. (SInv)
You can survive without breathing.


Message History

The acid corrodes the four-headed hydra!
The four-headed hydra is moderately wounded.
Evoke which item? (* to show all) (? for menu, Esc to quit)
Aiming: Corrosive Bolt
Press: ? - help, Shift-Dir - straight line, f/p - four-headed hydra
Aim: a four-headed hydra (moderately wounded, covered in acid, chance to confuse on hit: 34%)
The bolt of acid hits the four-headed hydra!
The four-headed hydra is splashed with acid.
The four-headed hydra is heavily wounded.
The four-headed hydra bites you. x2; The four-headed hydra bites you! x2
A wraith comes into view.
You hit the four-headed hydra but do no damage.
The four-headed hydra is heavily wounded.
The four-headed hydra bites you!
* * * LOW HITPOINT WARNING * * *
The four-headed hydra bites you.
* * * LOW HITPOINT WARNING * * *
The four-headed hydra bites you!
You die...
Kikubaaqudgha rasps: "You have failed me!
Welcome... oblivion!"

#.##.#.........#.....)##..
#....#}.....D..#).........
#.#..######....######....#
#.##........W.............
#.######.#..(.........†.##
#.# ##.##†###########.##
#.#####.#.#.# #.#.
#......###D.# #.#.
#######.#@### #.#. ##.##
#..# #.# #.#. ##.## #.#.
##...## #######.#.
##.#.#.######.....<.#.
#.##..........#######.
##.###.######## ## ##.#.##


You could see a four-headed hydra (corroded) and a wraith.

Vanquished Creatures
  Harold (D:8)
  3 unseen horrors (D:8)
  Sigmund (D:5)
  2 hungry ghosts (D:8)
  2 ice beasts
  A black bear (D:8)
  An orc warrior (D:7)
  2 sky beasts
  A centaur (D:7)
  A wolf (D:8)
  3 ogres
  A crocodile (D:7)
  2 bullfrogs
  2 scorpions (D:5)
  A water moccasin skeleton (D:4)
  2 howler monkeys (D:7)
  2 crimson imps (D:5)
  A centaur zombie (D:5)
  2 jellies
  3 hounds
  2 bullfrog skeletons (D:5)
  An orc priest (D:7)
  Jessica (D:2)
  2 centaur skeletons
  4 iguanas
  5 orc wizards
  Ijyb (D:5)
  2 worker ants
  7 adders
  7 shadow imps
  An ooze (D:4)
  An adder skeleton (D:5)
  A worm (D:2)
  A dart slug (D:2)
  6 leopard geckos
  28 orcs
  3 giant cockroaches
  3 goblins
  5 hobgoblins
  4 jackals (D:5)
  A kobold (D:1)
  2 quokkas
  2 bats (D:1)
  3 frilled lizards
  3 quokka skeletons
  2 quokka zombies
  2 rats
134 creatures vanquished.

Vanquished Creatures (others)
  An orc priest (D:4)
  An orc (D:4)
2 creatures vanquished.

Grand Total: 136 creatures vanquished

Notes
Turn   | Place    | Note
-------+----------+-------------------------------------------
     0 | D:1      | Godmorgon the Vampire Enchanter began the quest for the
                  | Orb.
     0 | D:1      | Reached XP level 1. HP: 13/13 MP: 3/3
   208 | D:1      | Reached XP level 2. HP: 5/19 MP: 3/5
   215 | D:1      | Learned a level 2 spell: Ensorcelled Hibernation
   950 | D:2      | Reached XP level 3. HP: 19/19 MP: 6/6
   956 | D:2      | Noticed Jessica
   965 | D:2      | Killed Jessica
   965 | D:2      | Reached skill level 5 in Stealth
   965 | D:2      | Reached skill level 5 in Hexes
  1408 | D:3      | Reached XP level 4. HP: 24/24 MP: 2/7
  1477 | D:3      | Found a shimmering altar of Xom.
  1887 | D:3      | Reached XP level 5. HP: 28/28 MP: 4/9
  1934 | D:3      | Learned a level 3 spell: Confusing Touch
  2116 | D:4      | Found a staircase to the Ecumenical Temple.
  2130 | Temple   | Entered the Ecumenical Temple
  2134 | Temple   | Became a worshipper of Kikubaaqudgha
  2198 | D:4      | Found a glowing golden altar of the Shining One.
  2274 | D:4      | Found a basalt altar of Yredelemnul.
  2276 | D:4      | Noticed a profane servitor
  2375 | D:4      | You fall into a shaft and drop 1 floor!
  2375 | D:5      | Entered Level 5 of the Dungeon
  2376 | D:5      | Noticed an ice beast
  2395 | D:5      | Reached skill level 6 in Stealth
  2419 | D:5      | Reached XP level 6. HP: 18/32 MP: 2/10
  2425 | D:5      | Found a large runed translucent door.
  2426 | D:5      | Found a large runed translucent door.
  2431 | D:5      | Found a large runed translucent door.
  2431 | D:5      | Found a large runed translucent door.
  2582 | D:4      | Found Qepn's Food Shoppe.
  3101 | D:4      | Noticed an angel
  3113 | D:5      | Noticed Ijyb
  3114 | D:5      | Killed Ijyb
  3114 | D:5      | Reached skill level 1 in Ice Magic
  3164 | D:5      | Reached skill level 1 in Necromancy
  3203 | D:5      | Killed an ice beast
  3203 | D:5      | Reached XP level 7. HP: 18/36 MP: 5/12
  3365 | D:5      | Reached * piety under Kikubaaqudgha
  3365 | D:5      | Identified Kikubaaqudgha's Guide on Black Arts
                  | (Kikubaaqudgha gifted it to you on level 5 of the Dungeon)
  3365 | D:5      | Received a gift from Kikubaaqudgha
  3369 | D:5      | Learned a level 1 spell: Pain
  3441 | D:5      | Reached skill level 7 in Stealth
  3806 | D:5      | Found an ornate altar of the Wu Jian Council.
  3808 | D:5      | Found a sparkling altar of Nemelex Xobeh.
  3892 | D:5      | Got a scorched ring mail
  3906 | D:5      | Identified the +3 ring mail of Starshine {rPois Int+6} (You
                  | found it on level 5 of the Dungeon)
  4207 | D:5      | Noticed Sigmund
  4211 | D:5      | Killed Sigmund
  4211 | D:5      | Reached XP level 8. HP: 41/41 MP: 13/13
  4450 | D:5      | Learned a level 1 spell: Apportation
  4456 | D:5      | Learned a level 1 spell: Summon Butterflies
  4521 | D:6      | Reached skill level 8 in Stealth
  4595 | D:6      | Found a shattered altar of Ashenzari.
  5592 | D:7      | Found a blossoming altar of Fedhas.
  5614 | D:7      | Found Wobb's Distillery.
  5617 | D:7      | Bought a potion of heal wounds for 70 gold pieces
  5799 | D:6      | Reached skill level 1 in Summonings
  5836 | D:7      | Reached ** piety under Kikubaaqudgha
  5966 | D:7      | Reached skill level 1 in Translocations
  6058 | D:7      | Reached skill level 9 in Stealth
  6444 | D:8      | Noticed an unseen horror
  6447 | D:8      | Killed an unseen horror
  6447 | D:8      | Reached skill level 5 in Dodging
  6447 | D:8      | Reached XP level 9. HP: 45/45 MP: 15/15
  6482 | D:8      | Got a masterwork flail
  6502 | D:8      | Identified the +7 flail "Ramev" {chaos, *Slow +Fly rC+}
                  | (You found it on level 8 of the Dungeon)
  6505 | D:8      | Found Nuor's Antique Weapon Shoppe.
  6534 | D:8      | Reached skill level 5 in Necromancy
  6898 | D:8      | Noticed Harold
  6995 | D:8      | Noticed an unseen horror
  6998 | D:8      | Noticed an unseen horror
  6999 | D:8      | Found the +3 sling "Punk" {acid, rCorr}
  7007 | D:8      | Killed an unseen horror
  7007 | D:8      | Reached skill level 1 in Fighting
  7007 | D:8      | Reached skill level 5 in Short Blades
  7007 | D:8      | Reached skill level 10 in Stealth
  7007 | D:8      | Reached skill level 1 in Evocations
  7265 | D:8      | Killed an unseen horror
  7265 | D:8      | Reached skill level 1 in Armour
  7265 | D:8      | Reached XP level 10. HP: 24/53 MP: 14/17
  7387 | D:8      | Killed Harold
  7415 | D:8      | Got a flickering lead ring
  7416 | D:8      | Identified the ring "Femoud Zuima" {rPois Dex+5} (You found
                  | it on level 8 of the Dungeon)
  7425 | D:8      | Noticed a four-headed hydra
  7454 | D:8      | Noticed Grum
  7479 | D:8      | Slain by a four-headed hydra

Illustrated notes

Levels and vault maps discovered:
D:1:      minmay_arrival_four_houses, layout_rooms, item_on_display_a
D:2:      layout_basic, uniq_jessica
D:3:      layout_rooms, nicolae_overflow_hidden_temple, kennysheep_another_room
D:4:      layout_cave_pools, grunt_temple_overflow_holy_war,
          minmay_temple_entry_trees, first_ration, serial_shops, shop
D:5:      layout_loops_cross, chequers_temple_overflow_statue_of_worship,
          minmay_hollow_rounded_squares, uniq_sigmund, uniq_ijyb
D:6:      layout_basic, nicolae_ashenzari_panopticon
D:7:      layout_cave_pools, basic_altar, serial_shops, kennysheep_mini
D:8:      minmay_cut_squares, layout_loops_ring, serial_shops,
          nicolae_shop_overgrown_old_shop, hangedman_little_slice_of_home,
          uniq_harold, uniq_grum
Temple:   nicolae_temple_x_marks_the_god

Skill      XL: |  1  2  3  4  5  6  7  8  9 10 |
---------------+-------------------------------+-----
Stealth        | 5 6 7 9 10 | 10.0
Hexes          | 5 6 7 8 9 |  9.0
Short Blades   | 2 3 4 5 |  5.8
Dodging        | 3 4 5 |  5.0
Spellcasting   | 3 4 |  4.9
Ice Magic      | 1 2 3 |  3.9
Necromancy     | 1 2 4 5 6 |  6.1
Summonings     | 2 3 |  3.1
Translocations | 1 2 |  2.0
Fighting       | 2 |  2.7
Evocations     | 2 |  2.6
Armour         | 1 |  1.6

Action                   |  1- 3 |  4- 6 |  7- 9 | 10-12 || total
-------------------------+-------+-------+-------+-------++-------
Melee: Dagger            |    44 |    94 |   179 |    12 ||   329
       Bite              |     1 |     6 |    14 |       ||    21
Throw: Stone             |       |       |     2 |       ||     2
       Dart              |       |       |     1 |     1 ||     2
 Cast: Corona            |     2 |       |       |       ||     2
       Ensorcelled Hiber |    12 |    31 |    66 |     5 ||   114
       Confusing Touch   |       |     3 |    14 |     3 ||    20
 Abil: Exsanguinate      |     1 |       |       |       ||     1
Evoke: Wand              |       |       |       |     3 ||     3
  Use: Scroll            |     4 |     9 |    13 |       ||    26
       Potion            |       |       |       |     1 ||     1
 Stab: Sleeping          |    13 |    29 |    53 |     4 ||    99
       Confused          |       |     4 |    13 |     4 ||    21
       Distracted        |       |     1 |       |       ||     1
Armor: Robe              |     4 |    18 |    37 |       ||    59
Dodge: Dodged            |    29 |    52 |    93 |     3 ||   177
